 Dungeon Crawl Stone Soup version 0.22-a0-315-ge0921bb (webtiles) character file.

144 silt the Ruffian (level 5, -2/53 HPs)
             Began as a Troll Monk on Apr 1, 2018.
             Slain by swampert's ghost (7 damage)
             ... on level 4 of the Dungeon.
             The game lasted 00:06:32 (1944 turns).

silt the Ruffian (Troll Monk)                       Turns: 1944, Time: 00:06:33

Health: -2/53      AC:  5    Str: 20    XL:     5   Next: 5%
Magic:  4/4        EV: 11    Int:  6    God:
Gold:   148        SH:  0    Dex: 12    Spells: 2/4 levels left

rFire    . . .     SeeInvis .     - Unarmed
rCold    . . .     Gourm    +   (no shield)
rNeg     . . .     Faith    .   a - +0 robe
rPois    .         Spirit   .   (helmet restricted)
rElec    .         Reflect  .   (no cloak)
rCorr    .         Harm     .   (gloves unavailable)
MR       .....                  (boots unavailable)
Stlth    ++........             (no amulet)
HPRegen  0.57/turn              (no ring)
MPRegen  0.09/turn              (no ring)

@: no status effects
A: large, unfitting armour, claws 3, fast metabolism 3, gourmand, regeneration
1, shaggy fur 1, tough skin 2
a: no special abilities


You were on level 4 of the Dungeon.
You were not hungry.

You visited 1 branch of the dungeon, and saw 4 of its levels.

You collected 148 gold pieces.

Inventory:

Missiles
 d - 25 sling bullets
 g - 85 stones (quivered)
 j - 53 arrows
 k - 7 tomahawks
Armour
 a - a +0 robe (worn)
Scrolls
 c - 8 scrolls of identify {unknown}
 e - 6 scrolls of remove curse {unknown}
 i - 3 scrolls of blinking {unknown}
 l - a scroll of noise {unknown}
 n - a scroll of teleportation {unknown}
 o - a scroll of enchant weapon {unknown}
Potions
 f - a potion of lignification {unknown}
 h - 2 potions of heal wounds {unknown}
 m - a potion of curing {unknown}
Comestibles
 b - 5 rations


   Skills:
 + Level 3.2 Fighting
 - Level 3.0 Dodging
 - Level 1.0 Stealth
 * Level 4.6 Unarmed Combat


You had 2 spell levels left.
You knew the following spells:

 Your Spells              Type           Power        Failure   Level  Hunger
a - Confusing Touch       Hex            #.....       45%         1    ##.....
b - Animate Skeleton      Necr           N/A          45%         1    ##.....


Dungeon Overview and Level Annotations

Branches:
Dungeon (4/15)
 Temple: D:4-7

Altars:
Ru
Trog

Annotations:
D:4 swampert's ghost, amateur MiBe


Innate Abilities, Weirdness & Mutations

You are too large for most types of armour.
You have claws for hands.
Your metabolism is lightning-fast.
You like to eat raw meat.
Your natural rate of healing is unusually fast.
You are covered in fur. (AC +1)
You have very tough skin. (AC +2)


Message History

You barely miss swampert's ghost.
Swampert's ghost is almost destroyed.
Swampert's ghost hits you!
* * * LOW HITPOINT WARNING * * *
You scratch swampert's ghost but do no damage.
Swampert's ghost is almost destroyed.
Swampert's ghost yells, "Who would have thought, even in death it is a pleasure to sever!"
Swampert's ghost closely misses you.
You scratch swampert's ghost but do no damage.
Swampert's ghost is almost destroyed.
Swampert's ghost hits you.
* * * LOW HITPOINT WARNING * * *
You completely miss swampert's ghost.
Swampert's ghost is almost destroyed.
Swampert's ghost hits you.
* * * LOW HITPOINT WARNING * * *
You scratch swampert's ghost but do no damage.
Swampert's ghost is almost destroyed.
Swampert's ghost hits you!
You die...

## #.# #..# ...
##### ##..
###....#####.#
#........##..#
......W@.....#
.............#
.............##
..............#
..............#
...............#
.........<......###
..................#
..................#


You could see swampert's ghost.

Vanquished Creatures
  A hound (D:4)
  A bullfrog skeleton (D:4)
  2 adders (D:3)
  2 worms (D:2)
  2 dart slugs
  A leopard gecko (D:2)
  2 giant cockroaches (D:1)
  5 hobgoblins
  4 jackals (D:3)
  4 ball pythons
  3 bats
  3 frilled lizards
  11 goblins
  11 kobolds
  9 rats
61 creatures vanquished.

Notes
Turn   | Place    | Note
-------+----------+-------------------------------------------
     0 | D:1      | silt the Troll Monk began the quest for the Orb.
     0 | D:1      | Reached XP level 1. HP: 22/22 MP: 0/0
    66 | D:1      | Reached XP level 2. HP: 25/29 MP: 1/1
   756 | D:2      | Reached XP level 3. HP: 37/37 MP: 2/2
  1326 | D:3      | Found a bloodstained altar of Trog.
  1450 | D:3      | Learned a level 1 spell: Confusing Touch
  1452 | D:3      | Learned a level 1 spell: Animate Skeleton
  1597 | D:3      | Reached XP level 4. HP: 45/45 MP: 3/3
  1697 | D:3      | Reached skill level 4 in Unarmed Combat
  1745 | D:3      | Found a sacrificial altar of Ru.
  1890 | D:4      | Noticed swampert's ghost (amateur MiBe)
  1896 | D:4      | Reached XP level 5. HP: 53/53 MP: 4/4
  1944 | D:4      | Slain by swampert's ghost

Vault maps used:
D:1:      dpeg_arrival_tiny_a
D:3:      lemuel_doored_altar, first_ration, nicolae_ru_awakened_eye

Skill      XL: |  1  2  3  4 |
---------------+-------------+-----
Fighting       | 3 |  3.2
Dodging        | 3 |  3.0
Unarmed Combat | 4 |  4.6
Stealth        | |  1.0

Action                   |  1- 3 |  4- 6 || total
-------------------------+-------+-------++-------
Melee: Unarmed           |   121 |    46 ||   167
       Punch             |       |     1 ||     1
 Stab: Sleeping          |     3 |       ||     3
  Eat: Chunk             |    18 |       ||    18
Armor: Robe              |    31 |     7 ||    38
Dodge: Dodged            |    69 |    26 ||    95

Table legend:
 A = Spawn XP
 B = Non-spawn XP
 C = Spawn XP percentage of total XP
 D = Spawn monster count
 E = Non-spawn monster count
 F = Spawn count percentage of total count
 G = Total turns spent on level
                    A         B        C        D         E        F      G
               +---------+---------+-------+---------+---------+-------+---------
         Total |       0 |     206 |   0.0 |       0 |      61 |   0.0 |  1944
               +---------+---------+-------+---------+---------+-------+---------
           D:1 |       0 |      34 |   0.0 |       0 |      24 |   0.0 |   737
           D:2 |       0 |      33 |   0.0 |       0 |      16 |   0.0 |   577
           D:3 |       0 |      53 |   0.0 |       0 |      18 |   0.0 |   566
           D:4 |       0 |      86 |   0.0 |       0 |       3 |   0.0 |    64
               +---------+---------+-------+---------+---------+-------+---------
